 Dungeon Crawl Stone Soup version 0.23.2-40-g277498a001 (webtiles) character file.

Game seed: 8250760074217425860

105 FishyPogo the Insei (level 4, -1/34 HPs)
             Began as a Gnoll Transmuter on Oct 4, 2019.
             Slain by an adder (5 damage)
             ... on level 3 of the Dungeon.
             The game lasted 00:04:45 (1847 turns).

FishyPogo the Insei (Gnoll Transmuter)              Turns: 1847, Time: 00:04:46

Health: -1/34      AC:  0    Str: 12    XL:     4   Next: 81%
Magic:  7/11       EV: 15    Int: 17    God:
Gold:   127        SH:  0    Dex: 15    Spells: 7/13 levels left

rFire    . . .     SeeInvis .     - Unarmed
rCold    . . .     Gourm    .   (no shield)
rNeg     . . .     Faith    .   b - +0 robe
rPois    +         Spirit   .   (no helmet)
rElec    .         Reflect  .   (no cloak)
rCorr    .         Harm     .   (no gloves)
MR       .....                  (no boots)
Stlth    ++........             (no amulet)
HPRegen  0.11/turn              g - -2 ring of protection (curse)
MPRegen  0.12/turn              h - ring of poison resistance

@: very slightly contaminated, invisible
A: distributed training, fangs 1, strong nose
a: no special abilities


You were on level 3 of the Dungeon.
You were hungry.

You visited 1 branch of the dungeon, and saw 3 of its levels.

You collected 127 gold pieces.

Inventory:

Missiles
 a - 62 arrows
 f - 65 stones (quivered)
 p - 9 poisoned needles
Armour
 b - a +0 robe (worn)
 j - a cursed +0 scale mail
 o - a +0 pair of gloves
Jewellery
 g - a cursed -2 ring of protection (left hand)
 h - a ring of poison resistance (right hand)
Scrolls
 e - a scroll of teleportation {unknown}
 k - 3 scrolls of enchant weapon {unknown}
 l - a scroll of identify {unknown}
 m - 2 scrolls of enchant armour {unknown}
 n - 3 scrolls of fog {unknown}
 s - 2 scrolls of immolation {unknown}
Potions
 c - a potion of curing {unknown}
 r - a potion of flight {unknown}
Comestibles
 d - 4 rations
 q - 4 chunks of flesh


   Skills:
 + Level 2.8 Fighting
 + Level 1.2 Short Blades
 + Level 1.2 Long Blades
 + Level 1.2 Axes
 + Level 1.2 Maces & Flails
 + Level 1.2 Polearms
 + Level 1.2 Staves
 + Level 1.2 Slings
 + Level 1.2 Bows
 + Level 1.2 Crossbows
 + Level 1.2 Throwing
 + Level 1.2 Armour
 + Level 4.7 Dodging
 + Level 1.2 Stealth
 + Level 1.2 Shields
 + Level 6.6 Unarmed Combat
 + Level 5.1 Spellcasting
 + Level 1.0 Conjurations
 + Level 1.0 Hexes
 + Level 1.0 Charms
 + Level 1.0 Summonings
 + Level 1.0 Necromancy
 + Level 1.0 Translocations
 + Level 3.9 Transmutations
 + Level 1.0 Fire Magic
 + Level 1.0 Ice Magic
 + Level 1.0 Air Magic
 + Level 1.0 Earth Magic
 + Level 1.0 Poison Magic
 + Level 1.3 Invocations
 + Level 1.2 Evocations


You had 7 spell levels left.
You knew the following spells:

 Your Spells              Type           Power        Failure   Level  Hunger
d - Beastly Appendage     Tmut           ###...       2%          1    None
e - Spider Form           Tmut/Pois      ##........   16%         3    ###....
f - Sticks to Snakes      Tmut           ###.....     4%          2    #......

Your spell library contained the following spells:

 Spells                   Type           Power        Failure   Level  Hunger
 Ice Form                 Ice/Tmut       ##......     45%         4    ####...
 Blade Hands              Tmut           ###.......   61%         5    ######.


Dungeon Overview and Level Annotations

Branches:
Dungeon (3/15)

Altars:


Innate Abilities, Weirdness & Mutations

Your experience applies equally to all skills.
You have very sharp teeth.
Your uncanny sense of smell can sniff out nearby items.


Message History

You barely miss the adder.
The adder is severely wounded.
The adder bites you.
* * * LOW HITPOINT WARNING * * *
You closely miss the adder.
The adder is severely wounded.
The adder completely misses you.
You miss the adder.
The adder is severely wounded.
The adder misses you.
You barely miss the adder.
The adder is severely wounded.
The adder closely misses you.
It was a potion of invisibility.
You fade into invisibility!
The adder completely misses you. The adder barely misses you.
Things that are here:
a +0 club; a hobgoblin corpse The adder bites you.
You die...

#.##.. ).. #.##.# #.#
#.##.##.. #.##.#.#
#.##..# ##.##..#
#######...##)## .#
.........).##S###.#
####.......##@..#
#............##
#####................
#...................#∆
#.#####.....###≈≈≈≈≈#∆
#.# ##.#.#.≈ ≈≈≈≈≈≈.
#.# ########≈≈≈≈≈≈≈
##.# ∆∆ ##≈#### #..#
∆∆ ##


You could see an adder.

Vanquished Creatures
  A worker ant (D:2)
  2 adders (D:2)
  A worm (D:3)
  2 dart slugs
  5 leopard geckos
  2 ball pythons
  7 bats
  A giant cockroach (D:1)
  10 hobgoblins
  2 jackals (D:3)
  2 kobolds
  A quokka (D:2)
  2 frilled lizards
  3 goblins
  9 rats
50 creatures vanquished.

Notes
Turn   | Place    | Note
-------+----------+-------------------------------------------
     0 | D:1      | FishyPogo the Gnoll Transmuter began the quest for the Orb.
     0 | D:1      | Reached XP level 1. HP: 17/17 MP: 6/6
   112 | D:1      | Reached XP level 2. HP: 22/23 MP: 7/7
   396 | D:1      | Reached XP level 3. HP: 22/28 MP: 7/9
   403 | D:1      | Reached skill level 5 in Spellcasting
   435 | D:1      | Learned a level 3 spell: Spider Form
   455 | D:1      | Learned a level 2 spell: Sticks to Snakes
   804 | D:2      | Reached skill level 1 in Invocations
   966 | D:2      | Reached skill level 1 in Short Blades
   966 | D:2      | Reached skill level 1 in Long Blades
   966 | D:2      | Reached skill level 1 in Axes
   966 | D:2      | Reached skill level 1 in Maces & Flails
   966 | D:2      | Reached skill level 1 in Polearms
   966 | D:2      | Reached skill level 1 in Staves
   966 | D:2      | Reached skill level 1 in Slings
   966 | D:2      | Reached skill level 1 in Bows
   966 | D:2      | Reached skill level 1 in Crossbows
   966 | D:2      | Reached skill level 1 in Throwing
   966 | D:2      | Reached skill level 1 in Armour
   966 | D:2      | Reached skill level 1 in Stealth
   966 | D:2      | Reached skill level 1 in Shields
   966 | D:2      | Reached skill level 1 in Evocations
  1295 | D:2      | Reached XP level 4. HP: 34/34 MP: 7/11
  1664 | D:2      | Reached skill level 1 in Conjurations
  1664 | D:2      | Reached skill level 1 in Hexes
  1664 | D:2      | Reached skill level 1 in Charms
  1664 | D:2      | Reached skill level 1 in Summonings
  1664 | D:2      | Reached skill level 1 in Necromancy
  1664 | D:2      | Reached skill level 1 in Translocations
  1664 | D:2      | Reached skill level 1 in Fire Magic
  1664 | D:2      | Reached skill level 1 in Ice Magic
  1664 | D:2      | Reached skill level 1 in Air Magic
  1664 | D:2      | Reached skill level 1 in Earth Magic
  1664 | D:2      | Reached skill level 1 in Poison Magic
  1847 | D:3      | Slain by an adder

Skill      XL: |  1  2  3  4 |
---------------+-------------+-----
Spellcasting   | 5 |  5.1
Invocations    | 1 |  1.3
Short Blades   | 1 |  1.2
Long Blades    | 1 |  1.2
Axes           | 1 |  1.2
Maces & Flails | 1 |  1.2
Polearms       | 1 |  1.2
Staves         | 1 |  1.2
Slings         | 1 |  1.2
Bows           | 1 |  1.2
Crossbows      | 1 |  1.2
Throwing       | 1 |  1.2
Armour         | 1 |  1.2
Stealth        | 1 |  1.2
Shields        | 1 |  1.2
Evocations     | 1 |  1.2
Conjurations   | 1 |  1.0
Hexes          | 1 |  1.0
Charms         | 1 |  1.0
Summonings     | 1 |  1.0
Necromancy     | 1 |  1.0
Translocations | 1 |  1.0
Fire Magic     | 1 |  1.0
Ice Magic      | 1 |  1.0
Air Magic      | 1 |  1.0
Earth Magic    | 1 |  1.0
Poison Magic   | 1 |  1.0
Fighting       | |  2.8
Dodging        | |  4.7
Unarmed Combat | |  6.6
Transmutations | |  3.9

Action                   |  1- 3 |  4- 6 || total
-------------------------+-------+-------++-------
Melee: Unarmed           |    85 |    56 ||   141
       Bite              |     5 |     2 ||     7
       Kick              |     7 |       ||     7
       Headbutt          |     2 |     4 ||     6
       Punch             |       |     2 ||     2
Throw: Stone             |     4 |       ||     4
 Cast: Beastly Appendage |    14 |     4 ||    18
       Spider Form       |     2 |     6 ||     8
       Sticks to Snakes  |       |     1 ||     1
 Abil: End Transformatio |       |     1 ||     1
  Use: Potion            |       |     1 ||     1
 Stab: Sleeping          |     5 |       ||     5
  Eat: Chunk             |     1 |     2 ||     3
Armor: Robe              |     3 |       ||     3
Dodge: Dodged            |    55 |    45 ||   100
